 Dungeon Crawl Stone Soup version 0.29.1-1-gd02db6906a (webtiles) character file.

Game seed: 6565681764257206290

738 croobank the Sneak (level 7, -4/45 HPs)
             Began as an Octopode Summoner on Sept 29, 2022.
             Slain by an ice beast (9 damage)
             ... on level 6 of the Dungeon.
             The game lasted 00:19:33 (5840 turns).

croobank the Sneak (Octopode Summoner)              Turns: 5840, Time: 00:19:34

Health: -4/45      AC:  1    Str:  7    XL:     7   Next: 75%
Magic:  12/12      EV: 14    Int: 19    God:
Gold:   237        SH:  0    Dex: 13    Spells: 0/13 levels left

rFire   . . .      SeeInvis .   b - +0 hand axe
rCold   . . .      Faith    .   (no shield)
rNeg    . . .      Spirit   .   (helmet restricted)
rPois   .          Reflect  .   (no amulet)
rElec   .          Harm     .   (no ring)
rCorr   .          Rampage  .   (no ring)
Will    .....                   (no ring)
Stlth   ++++......              (no ring)
HPRegen 0.15/turn               (no ring)
MPRegen 0.13/turn               (no ring)
                                (no ring)
                                (no ring)

@: no status effects
A: almost no armour, amphibious, 8 rings, camouflage 1, gelatinous body 1,
(nimble swimmer 1), tentacles
a: no special abilities


You were on level 6 of the Dungeon.
You visited 1 branch of the dungeon, and saw 6 of its levels.

You collected 237 gold pieces.

Inventory:

Hand Weapons
 b - a +0 hand axe (weapon)
 i - a +0 broad axe
Missiles
 u - 2 throwing nets (quivered)
Jewellery
 j - a ring of ice
 q - an amulet of magic regeneration
Wands
 l - a wand of roots (10)
Scrolls
 d - a scroll of noise
 h - 2 scrolls of identify
 m - 2 scrolls of teleportation {unknown}
 n - a scroll of silence {unknown}
 o - a scroll of amnesia {unknown}
 p - a scroll of magic mapping {unknown}
 v - 2 scrolls of torment {unknown}
Potions
 a - a potion of magic
 c - 2 potions of attraction
 e - a potion of degeneration
 f - a potion of ambrosia {unknown}
 g - a potion of haste
 k - 3 potions of might
 r - a potion of flight {unknown}
 s - a potion of brilliance {unknown}
 t - 2 potions of invisibility {unknown}


   Skills:
 + Level 2.5 Fighting
 + Level 4.0 Dodging
 - Level 6.8 Stealth
 + Level 3.6 Spellcasting
 + Level 1.3 Hexes
 + Level 5.3 Summonings


You couldn't memorise any spells.
You knew the following spells:

 Your Spells              Type           Power      Damage    Failure   Level
a - Summon Small Mammal   Summ           92%        N/A       1%          1
b - Call Imp              Summ           23%        N/A       2%          2
c - Call Canine Familiar  Summ           23%        N/A       4%          3
d - Summon Guardian Gole  Hex/Summ       16%        N/A       11%         3
e - Summon Lightning Spi  Summ/Air       13%        N/A       43%         4

Your spell library contained the following spells:

 Spells                   Type           Power      Damage    Failure   Level
 Necrotise                Necr           12%        1d4       14%         1
 Vampiric Draining        Necr           3%         2d6       41%         3
 Agony                    Necr           3%         N/A       99%         5


Dungeon Overview and Level Annotations

Branches:
Dungeon (6/15)             Temple (0/1) D:6

Altars:
Hepliaklqana
Vehumet

Shops:
D:3 (


Innate Abilities, Weirdness & Mutations

You cannot wear most types of armour.
You are amphibious.
You can wear up to eight rings at the same time.
Your skin changes colour to match your surroundings (Stealth+).
Your rubbery body absorbs attacks. (AC +1, EV +1)
((You are camouflaged when in or above water. (Stealth+)))
You have tentacles for arms and can constrict up to eight enemies at once.


Message History

Your quokka bites the jelly.
Your quokka is burned by acid!
Casting: Summon Guardian Golem (dangerous; 11% risk of failure)
Confirm with . or Enter, or press ? or * to list all spells.
Your quokka bites the jelly.
The jelly dies!
Casting: Summon Small Mammal (safe; 1% risk of failure)
Confirm with . or Enter, or press ? or * to list all spells.
Your quokka disappears in a puff of smoke!
Your guardian golem disappears in a puff of smoke!
Your quokka disappears in a puff of smoke!
Your quokka disappears in a puff of smoke!
Magic restored.
There is a stone staircase leading down here.
f - a fizzy green potion
l - a wand of roots (10)
Found 8 stones.
You see here 8 stones.
As you open the large door, it creaks loudly!
A hound comes into view.
Found 12 gold pieces.
The hound barely misses you.
An ice beast comes into view.
There is a large open door here.
You hit the hound. Your grab misses the hound.
The hound is lightly wounded.
The hound bites you. The hound barely misses you.
You hit the hound. Your grab misses the hound. You squeeze the hound.
The hound is heavily wounded.
You hit the ice beast but do no damage. The hound misses you.
The ice beast hits you. The ice beast freezes you! The hound bites you.
You hit the hound. You grab the hound.
You squeeze the hound, but do no damage.
The hound is severely wounded.
You hit the ice beast but do no damage. You constrict the hound.
The hound bites you. The ice beast hits you. The ice beast freezes you!
* * * LOW HITPOINT WARNING * * *
The hound closely misses you. The ice beast hits you.
* * * LOW HITPOINT WARNING * * *
The ice beast freezes you!
You die...

...^...#
#.#
.......#
#.#
.......#
#.###
.......#
#...##
######.#
#.#..#
#.#
#####.#
..$#.#
#.#.#
#h@(#
#.Y'.#
##.###
... ####


You could see an ice beast and a hound.

Vanquished Creatures
  A gnoll (D:6)
  3 adders
  A shadow imp (D:5)
  A white imp (D:5)
  3 ball pythons
  3 endoplasms (D:1)
  4 giant cockroaches
  8 goblins
  6 hobgoblins
  3 kobolds
  A quokka (D:2)
  2 bats
  2 frilled lizards
  3 rats
41 creatures vanquished.

Vanquished Creatures (collateral kills)
  2 water moccasins (D:6)
  An ice beast (D:5)
  A necrophage (D:4)
  2 jellies
  An iguana (D:5)
  3 gnolls (D:6)
  4 adders
  An ufetubus (D:5)
  A dart slug (D:1)
  A worm (D:5)
  3 orcs (D:3)
  A ball python (D:2)
  2 endoplasms (D:2)
  A giant cockroach (D:3)
  A goblin (D:2)
  2 hobgoblins (D:2)
  2 jackals (D:2)
  2 kobolds (D:1)
  A bat (D:2)
  2 frilled lizards (D:1)
  2 rats (D:2)
36 creatures vanquished.

Vanquished Creatures (others)
  An ogre (D:6)
  2 plants (D:1)
3 creatures vanquished.

Grand Total: 80 creatures vanquished

Notes
Turn   | Place    | Note
-------+----------+-------------------------------------------
     0 | D:1      | croobank the Octopode Summoner began the quest for the Orb.
     0 | D:1      | Reached XP level 1. HP: 11/11 MP: 3/3
   293 | D:1      | Reached skill level 3 in Stealth
   293 | D:1      | Reached XP level 2. HP: 17/17 MP: 5/5
   830 | D:1      | Reached XP level 3. HP: 14/21 MP: 4/6
  1330 | D:2      | Learned a level 2 spell: Call Imp
  1786 | D:2      | Reached XP level 4. HP: 23/27 MP: 3/7
  2379 | D:3      | Learned a level 3 spell: Call Canine Familiar
  2506 | D:3      | Reached skill level 4 in Stealth
  2785 | D:3      | Found Mimaeqij's Antique Weapon Shoppe.
  3026 | D:4      | Noticed a necrophage
  3048 | D:4      | Killed a necrophage
  3049 | D:4      | Reached XP level 5. HP: 24/32 MP: 0/9
  3053 | D:4      | Learned a level 3 spell: Summon Guardian Golem
  3484 | D:4      | Found a radiant altar of Vehumet.
  3672 | D:4      | Found a hazy altar of Hepliaklqana.
  3709 | D:4      | Reached skill level 1 in Fighting
  3986 | D:5      | Entered Level 5 of the Dungeon
  4018 | D:5      | Noticed an ice beast
  4052 | D:5      | Killed an ice beast
  4053 | D:5      | Reached skill level 5 in Stealth
  4053 | D:5      | Reached XP level 6. HP: 38/38 MP: 0/10
  4703 | D:5      | Noticed a vampire
  4867 | D:5      | Reached skill level 5 in Summonings
  5099 | D:6      | Reached skill level 6 in Stealth
  5099 | D:6      | Reached XP level 7. HP: 45/45 MP: 1/12
  5370 | D:6      | Found a staircase to the Ecumenical Temple.
  5398 | D:6      | Reached skill level 1 in Hexes
  5665 | D:6      | Learned a level 4 spell: Summon Lightning Spire
  5840 | D:6      | Slain by an ice beast

Illustrated notes

Levels and vault maps discovered:
D:1:      dpeg_arrival_water_temple_mockup, layout_loops_cross, serial_forest,
          infiniplex_forest_lined_3, infiniplex_forest_split,
          infiniplex_forest_lined_3, infiniplex_forest_pool,
          infiniplex_forest_clump_cross, infiniplex_forest_clump_tiny,
          infiniplex_forest_end_3, minmay_misc_feat_square
D:2:      layout_basic
D:3:      layout_rooms, serial_shops, shop, chequers_serial_rivers_room_a
D:4:      layout_basic, fiery_altar_vehumet, mainiacjoe_overflow_paths,
          minmay_misc_feat_room, minmay_misc_feat_enclosed
D:5:      layout_loops_corners
D:6:      layout_basic, temple_statues, kennysheep_generic_room_12

Skill      XL: |  1  2  3  4  5  6  7 |
---------------+----------------------+-----
Stealth        | 3 4 5 6 |  6.8
Dodging        | 3 4 |  4.0
Fighting       | 1 2 |  2.5
Spellcasting   | 3 |  3.6
Summonings     | 5 |  5.3
Hexes          | 1 |  1.3

Action                   |  1- 3 |  4- 6 |  7- 9 || total
-------------------------+-------+-------+-------++-------
Melee: Hand axe          |    34 |    48 |     8 ||    90
       Constrict         |     9 |    16 |     2 ||    27
       Tentacles         |     8 |    12 |     2 ||    22
Throw: Throwing net      |       |     1 |       ||     1
 Cast: Summon Small Mamm |    23 |    30 |     5 ||    58
       Call Imp          |     4 |    11 |     2 ||    17
       Call Canine Famil |       |    19 |     2 ||    21
       Summon Guardian G |       |     2 |     3 ||     5
  Use: Scroll            |     3 |     5 |       ||     8
       Potion            |       |     4 |     4 ||     8
 Stab: Sleeping          |     2 |     4 |     1 ||     7
       Distracted        |     1 |     1 |       ||     2
Armor: Skin              |     5 |     8 |       ||    13
Dodge: Dodged            |    29 |    32 |    14 ||    75
